 Dungeon Crawl Stone Soup version 0.27.1-16-g815e20cd7a (webtiles) character file.

Game seed: 1567132676389879708

9 lonewolfV2 the Grasshopper (level 2, 0/23 HPs)
             Began as a Palentonga Warper on Nov 23, 2021.
             Slain by an adder (1 damage)
             ... on level 2 of the Dungeon.
             The game lasted 00:01:19 (439 turns).

lonewolfV2 the Grasshopper (Palentonga Warper)       Turns: 439, Time: 00:01:20

Health: 0/23       AC:  4    Str: 14    XL:     2   Next: 3%
Magic:  5/5        EV:  9    Int: 13    God:
Gold:   20         SH:  0    Dex:  9    Spells: 5/5 levels left

rFire    . . .     SeeInvis +   a - +0 spear
rCold    + . .     Faith    .   (no shield)
rNeg     . . .     Spirit   .   b - +0 leather armour
rPois    .         Reflect  .   (no helmet)
rElec    .         Harm     .   (no cloak)
rCorr    .         Rampage  .   (no gloves)
Will     .....                  (no barding)
Stlth    +.........             (no amulet)
HPRegen  0.07/turn              e - ring of protection from cold
MPRegen  0.09/turn              (no ring)

@: weak-willed
A: large, rugged brown scales 3, see invisible, deformed body, roll 1, armoured
tail
a: Rolling Charge


You were on level 2 of the Dungeon.
You visited 1 branch of the dungeon, and saw 2 of its levels.

You collected 20 gold pieces.

Inventory:

Hand Weapons
 a - a +0 spear (weapon)
Missiles
 d - 5 boomerangs of dispersal (quivered)
Armour
 b - a +0 leather armour (worn)
Jewellery
 e - a ring of protection from cold (left hand)


   Skills:
 + Level 2.0 Fighting
 + Level 2.0 Polearms
 + Level 0.6 Throwing
 + Level 1.1 Armour
 + Level 1.6 Dodging
 + Level 2.1 Spellcasting
 + Level 3.0 Translocations


You had 5 spell levels left.
You didn't know any spells.
Your spell library contained the following spells:

 Spells                   Type           Power      Damage    Failure   Level
 Blink                    Tloc           N/A        N/A       13%         2
 Gell's Gravitas          Tloc           4%         N/A       26%         3
 Lesser Beckoning         Tloc           4%         N/A       26%         3
 Teleport Other           Tloc           9%         N/A       26%         3
 Manifold Assault         Tloc           9%         N/A       94%         5


Dungeon Overview and Level Annotations

Branches:
Dungeon (1/15)

Altars:


Innate Abilities, Weirdness & Mutations

You are completely covered in rugged brown scales. (AC +3, +7% HP)
You have supernaturally acute eyesight. (SInv)
Armour fits poorly on your strangely shaped body.
You can roll at nearby foes to attack.
You have a long armoured tail.


Message History

You have reached level 2!
Found a scroll labelled MURRUE IJOI.
Found a dented platinum amulet.
Blink to where?
Press: ? - help, Dir - move target
As you read the scroll of blinking, it crumbles to dust.
As you read the scroll labelled GOIGOEHIRA, it crumbles to dust.
Magic quickly surges around you.
It was a scroll of vulnerability.
As you read the scroll labelled POGAHA CIVVA, it crumbles to dust.
You hear a loud clanging noise!
It was a scroll of noise.
You hear an angry hiss. x3; You hear a shout!
You hear an angry hiss.
An adder comes into view.
A ball python comes into view. x2
The ball python hisses angrily.
The adder barely misses you. The adder bites you but does no damage.
The adder barely misses you.
You barely miss the ball python. You tail-slap the ball python.
You kill the ball python!
The adder barely misses you.
The kobold hits you with a +0 short sword.
* * * LOW HITPOINT WARNING * * *
The kobold hits you but does no damage. The adder barely misses you.
The adder completely misses you. The adder bites you.
* * * LOW HITPOINT WARNING * * *
An adder comes into view.
A rat comes into view.
The rat moves out of view.
The adder bites you.
* * * LOW HITPOINT WARNING * * *
The adder bites you but does no damage. The adder completely misses you.
The adder bites you but does no damage. The adder barely misses you. x2
As you open the door, it creaks loudly! The adder bites you.
* * * LOW HITPOINT WARNING * * *
The adder bites you but does no damage. The adder bites you.
You die...

#+# #.# #.# #.# #.#
#.######
########.#....#
#####g...gr....SS.#
....#.######.#K.@.#
#r..# #.###'##
##.g# #.# #.# #..#
#.# #+# #..# ####.#
##.##.....#
#..#.....#
#.†#.....#
####..#.....# #+#


You could see 2 adders, a goblin, a kobold (weak-willed) and a rat.

Vanquished Creatures
  2 endoplasms
  A giant cockroach (D:1)
  A hobgoblin (D:2)
  2 ball pythons (D:2)
  3 rats
9 creatures vanquished.

Notes
Turn   | Place    | Note
-------+----------+-------------------------------------------
     0 | D:1      | lonewolfV2 the Palentonga Warper began the quest for the
                  | Orb.
     0 | D:1      | Reached XP level 1. HP: 17/17 MP: 3/3
   359 | D:1      | Reached skill level 1 in Armour
   380 | D:1      | You fall into a shaft and drop 1 floor!
   403 | D:2      | Reached XP level 2. HP: 6/23 MP: 5/5
   439 | D:2      | HP: 1/23 [adder (4)]
   439 | D:2      | Slain by an adder

Illustrated notes

Levels and vault maps discovered:
D:1:      dpeg_arrival_solitude, layout_loops_ring, minmay_pentomino_t4
D:2:      layout_basic, minmay_tiny_reverse_x, uniq_sigmund,
          uniq_crazy_yiuf_cottage, uniq_natasha

Skill      XL: |  1 |
---------------+----+-----
Armour         | 1 |  1.1
Polearms       | 2 |  2.0
Fighting       | |  2.0
Throwing       | |  0.6
Dodging        | |  1.6
Spellcasting   | |  2.1
Translocations | |  3.0

Action                   || total
-------------------------++-------
Melee: Spear             ||    27
       Tailslap          ||     7
  Use: Scroll            ||     3
Armor: Leather armour    ||    11
Dodge: Dodged            ||    24
